 Dungeon Crawl Stone Soup version 0.20.1-1-g8b1a95d (webtiles) character file.

106 seb29deBrest the Shooter (level 5, 0/37 HPs)
             Began as a Human Wanderer on Nov 14, 2017.
             Slain by an orc (2 damage)
             ... on level 3 of the Dungeon.
             The game lasted 00:07:07 (1977 turns).

seb29deBrest the Shooter (Human Wanderer)           Turns: 1977, Time: 00:07:08

Health: 0/37       AC:  8    Str: 12    XL:     5   Next: 10%
Magic:  6/6        EV:  8    Int: 15    God:
Gold:   146        SH:  0    Dex: 11    Spells: 6/6 levels left

rFire    . . .     SeeInvis .   d - +0 hand crossbow
rCold    . . .     Gourm    .   (no shield)
rNeg     . . .     Faith    .   a - +2 scale mail
rPois    .         Spirit   .   (no helmet)
rElec    .         Reflect  .   (no cloak)
rCorr    .         Harm     .   (no gloves)
MR       .....                  (no boots)
Stlth    ..........             (no amulet)
Regen    0.2/turn               (no ring)
MPRegen  0.1/turn               (no ring)

@: no status effects
A: no striking features
a: no special abilities


You were on level 3 of the Dungeon.
You were not hungry.

You visited 1 branch of the dungeon, and saw 3 of its levels.

You collected 146 gold pieces.

Inventory:

Hand Weapons
 b - a +0 shortbow
 d - a +0 hand crossbow (weapon)
 j - a cursed -2 short sword
Missiles
 c - 26 arrows
 e - 17 bolts (quivered)
 g - 20 poisoned needles
Armour
 a - a +2 scale mail (worn)
 p - a +1 hat
Potions
 i - a potion of haste {unknown}
 k - a potion of lignification {unknown}
 n - 2 potions of mutation {unknown}
Comestibles
 f - 3 bread rations
 h - a royal jelly
 l - a meat ration
 m - 3 chunks of flesh


   Skills:
 + Level 1.5 Fighting
 + Level 3.0 Bows
 + Level 2.8 Crossbows
 + Level 2.2 Armour
 + Level 0.4 Dodging
   Level 1.0 Shields
 + Level 1.1 Spellcasting
   Level 2.0 Fire Magic
   Level 1.0 Evocations


You had 6 spell levels left.
You didn't know any spells.

Dungeon Overview and Level Annotations

Branches:
Dungeon (3/15)

Altars:


Message History

Firing (i - inventory):
e - 20 bolts (quivered)
Press: ? - help, Shift-Dir - straight line, f/p - orc priest
Aim: an orc priest, wielding a mace (lightly wounded)
You shoot a bolt. The bolt barely misses the orc priest.
The orc hits you.
The orc priest calls down the wrath of Beogh upon you.
Beogh smites you!
* * * LOW HITPOINT WARNING * * *
The orc barely misses you.
Firing (i - inventory):
e - 19 bolts (quivered)
Press: ? - help, Shift-Dir - straight line, f/p - orc priest
Aim: an orc priest, wielding a mace (lightly wounded)
You shoot a bolt. The bolt barely misses the orc priest.
The orc priest hits you but does no damage.
The orc hits you but does no damage.
Firing (i - inventory):
e - 18 bolts (quivered)
Press: ? - help, Shift-Dir - straight line, f/p - orc priest
Aim: an orc priest, wielding a mace (lightly wounded)
You shoot a bolt. The bolt closely misses the orc priest.
The orc priest barely misses you. The orc hits you.
You die...

.. . ##.## ##.. #...# ..#.#
#...# #.#.# #...# #.#.##
#...# .....# #...# . #.##.#
#...#######..(
#.##.#########..@##..w.(...
...#.##.........oo.().(..(.
.................w.....(...
>#######...........(.(.....
.# #.#####...##.####... .#
#.# #...##... .. .# #.#
#..)###### # .# #.# #...#
.# #.# #..(#


You could see an orc priest, a dart slug and an orc.

Vanquished Creatures
  Robin (D:2)
  An ooze (D:2)
  2 worms
  2 leopard geckos (D:1)
  An orc (D:3)
  A ball python (D:3)
  6 bats
  4 giant cockroaches
  10 hobgoblins
  10 jackals
  2 quokkas
  4 frilled lizards
  17 goblins
  7 kobolds
  5 rats (D:1)
73 creatures vanquished.

Notes
Turn   | Place    | Note
-------+----------+-------------------------------------------
     0 | D:1      | seb29deBrest the Human Wanderer began the quest for the Orb.
     0 | D:1      | seb29deBrest set off with: a +2 scale mail, a +0 shortbow, 28 arrows, a +0 hand crossbow, 22 bolts, a bread ration
     0 | D:1      | Reached XP level 1. HP: 15/15 MP: 2/2
    70 | D:1      | Reached XP level 2. HP: 17/21 MP: 3/3
   294 | D:1      | Reached skill level 1 in Bows
   717 | D:1      | Reached XP level 3. HP: 26/26 MP: 4/4
  1072 | D:1      | Reached skill level 2 in Bows
  1435 | D:2      | Reached XP level 4. HP: 30/32 MP: 5/5
  1437 | D:2      | Noticed Robin
  1440 | D:2      | Killed Robin
  1548 | D:2      | Reached skill level 3 in Bows
  1896 | D:3      | Reached XP level 5. HP: 37/37 MP: 6/6
  1977 | D:3      | Slain by an orc

Skill      XL: |  1  2  3  4 |
---------------+-------------+-----
Bows           | 1 2 3 |  3.0
Fighting       | |  1.5
Crossbows      | |  2.8
Armour         | |  2.2
Dodging        | |  0.4
Shields        | |  1.0
Spellcasting   | |  1.1
Fire Magic     | |  2.0
Evocations     | |  1.0

Action                   |  1- 3 |  4- 6 || total
-------------------------+-------+-------++-------
 Fire: Shortbow          |   147 |    26 ||   173
       Hand crossbow     |       |    85 ||    85
  Use: Scroll            |     1 |     2 ||     3
  Eat: Chunk             |     1 |     2 ||     3
Armor: Scale mail        |    46 |    60 ||   106
Dodge: Dodged            |    42 |    38 ||    80
